 Dungeon Crawl Stone Soup version 0.32-a0-986-ga09f62fbf4 (webtiles) character file.

Game seed: 17578366826635746765

150 TacoSundae the Cudgeller (level 5, -6/44 (45) HPs)
             Began as a Mountain Dwarf Fighter on Apr 21, 2024.
             Mangled by an iguana (10 damage)
             ... on level 3 of the Dungeon.
             The game lasted 00:03:47 (1853 turns).

TacoSundae the Cudgeller (Mountain Dwarf Fighter)   Turns: 1853, Time: 00:03:47

HP:   -6/44 (45)    AC:  8    Str: 21    XL:     5   Next: 10%
MP:   5/5           EV:  8    Int:  8    God:
Gold: 97            SH:  4    Dex:  9    Spells: 4/4 levels left

rFire   . . .        a - +0 flail
rCold   . . .        c - +0 buckler
rNeg    . . .        b - +0 scale mail
rPois   .            l - +0 helmet
rElec   .            (no cloak)
rCorr   .            (no gloves)
SInv    .            (no boots)
Will    .....        (no amulet) Stlth
                     (no ring)
HPRegen 0.27/turn    (no ring)
MPRegen 0.09/turn

%: no passive effects
@: lightly drained
A: runic magic, artefact enchanting
a: no special abilities


You were on level 3 of the Dungeon.
You visited 1 branch of the dungeon, and saw 3 of its levels.

You collected 97 gold pieces.

Inventory:

Hand Weapons
 a - a +0 flail (weapon)
Missiles
 e - 2 javelins (quivered)
 m - 3 poisoned darts
Armour
 b - a +0 scale mail (worn)
 c - a +0 buckler (worn)
 l - a +0 helmet (worn)
Scrolls
 f - a scroll of brand weapon {unknown}
 g - a scroll of fear {unknown}
 i - 2 scrolls of identify {unknown}
 j - a scroll of vulnerability {unknown}
 n - a scroll of immolation {unknown}
 o - a scroll of poison {unknown}
Potions
 d - a potion of might
 h - a potion of attraction {unknown}
 k - a potion of brilliance {unknown}


   Skills:
 - Level 3.2 Fighting
 + Level 6.5 Maces & Flails
 - Level 3.2 Armour
 - Level 3.2 Shields


You had 4 spell levels left.
You didn't know any spells.
Your spell library was empty.

Dungeon Overview and Level Annotations

Branches:
Dungeon (3/15)

Altars:
Hepliaklqana


Innate Abilities, Weirdness & Mutations

Your spellcasting is much less encumbered by armour.
You can use scrolls of enchantment on lesser artefacts.


Message History

The orc is almost dead.
The orc hits you with a +1 flail of draining!
You feel drained.
You sock the orc!
You kill the orc!
You sock the orc!
You kill the orc!
You barely miss the iguana. The iguana barely misses you.
You hit the iguana.
The iguana is lightly wounded.
A bat comes into view.
The iguana closely misses you.
The bat moves out of view.
You barely miss the iguana.
The iguana is lightly wounded.
The iguana bites you.
You hit the iguana.
The iguana is lightly wounded.
The iguana bites you!
You closely miss the iguana.
The iguana is lightly wounded.
The iguana bites you!
You sock the iguana!
The iguana is severely wounded.
The iguana barely misses you. The iguana bites you!
* * * LOW HITPOINT WARNING * * *
You hit the iguana.
The iguana is almost dead.
The iguana bites you.
* * * LOW HITPOINT WARNING * * *
You hit the iguana but do no damage.
The iguana is almost dead.
The iguana bites you.
* * * LOW HITPOINT WARNING * * *
You barely miss the iguana.
The iguana is almost dead.
You block the iguana's attack.
You completely miss the iguana.
The iguana is almost dead.
The iguana bites you!
You die...

. ... ....#
...bog####
#gl@.# ####.#
#.## #..####
## ##....###
##.+
####...###...
###.#.<.#
#.#...#
#.....#


You could see an iguana, an orc, a hobgoblin, a goblin and a bat.

Vanquished Creatures
  Natasha (thrice) (D:2)
  2 adders (D:2)
  A ribbon worm (D:2)
  2 dart slugs
  4 orcs (D:3)
  4 endoplasms
  2 giant cockroaches
  6 goblins
  3 hobgoblins
  4 kobolds
  4 quokkas
  7 ball pythons
  3 frilled lizards
  3 rats (D:1)
48 creatures vanquished.

Notes
Turn   | Place    | Note
-------+----------+-------------------------------------------
     0 | D:1      | TacoSundae the Mountain Dwarf Fighter began the quest for
                  | the Orb.
     0 | D:1      | Reached XP level 1. HP: 19/19 MP: 1/1
    78 | D:1      | Found a faded altar of an unknown god.
    96 | D:1      | Reached skill level 3 in Maces & Flails
   155 | D:1      | Reached XP level 2. HP: 26/26 MP: 2/2
   579 | D:1      | Reached skill level 4 in Maces & Flails
   739 | D:2      | Noticed Natasha
   746 | D:2      | Killed Natasha
   747 | D:2      | Reached XP level 3. HP: 23/31 MP: 3/3
   856 | D:2      | Noticed Natasha
   860 | D:2      | Reached skill level 5 in Maces & Flails
   865 | D:2      | Killed Natasha
   866 | D:2      | Reached XP level 4. HP: 34/38 MP: 4/4
  1014 | D:2      | Noticed Natasha
  1023 | D:2      | Killed Natasha
  1024 | D:2      | Reached skill level 6 in Maces & Flails
  1297 | D:2      | Reached XP level 5. HP: 45/45 MP: 5/5
  1330 | D:2      | Found a hazy altar of Hepliaklqana.
  1853 | D:3      | Mangled by an iguana

Illustrated notes

Levels and vault maps discovered:
D:1:      minmay_arrival_semitransparent, layout_basic,
          shapermc_ecumenical_altar_mp_ritualfount,
          chequers_serial_rivers_room_b
D:2:      layout_loops_ring, basic_altar, minmay_misc_feat_enclosed,
          minmay_tromino_mix6, uniq_natasha
D:3:      layout_basic, serial_shops, shop

Skill      XL: |  1  2  3  4 |
---------------+-------------+-----
Maces & Flails | 3 4 5 6 |  6.5
Fighting       | |  3.2
Armour         | |  3.2
Shields        | |  3.2

Action                     |  1- 3 |  4- 6 || total
---------------------------+-------+-------++-------
  Melee: Flail             |    90 |    68 ||   158
 Armour: Scale mail        |    57 |    41 ||    98
  Dodge: Dodged            |    42 |    18 ||    60
  Block: Buckler           |    16 |     4 ||    20

Table legend: (Time is in decaauts)
 A = Elapsed time spent in this place.
 B = Non-inter-level travel time spent in this place.
 C = Inter-level travel time spent in this place.
 D = Time resting spent in this place.
 E = Time spent auto-exploring this place.
 F = Levels seen in this place.
 G = Mean time per level.
                   A        B        C        D        E       F      G
               +--------+--------+--------+--------+--------+-----+--------+
         Total |   1900 |   1673 |    227 |      0 |   1232 |   3 |  633.3 |
       Dungeon |   1900 |   1673 |    227 |      0 |   1232 |   3 |  633.3 |
               +--------+--------+--------+--------+--------+-----+--------+

Top non-repeatable levels by time:
     D:2: 1037 daAuts
     D:1: 742 daAuts
     D:3: 120 daAuts
